 Dungeon Crawl Stone Soup version 0.30-a0-1074-g5db6f66fbb (webtiles) character file.

Game seed: 10213026019433930375

175364 Pooter the Crack Shot (level 17, -15/238 HPs)
             Began as a Minotaur Berserker on Apr 13, 2023.
             Was a High Priest of Trog.
             Demolished by an Ice Fiend (48 damage)
             ... summoned by a deep elf demonologist
             ... on level 3 of the Elven Halls.
             The game lasted 02:36:28 (31408 turns).

Pooter the Crack Shot (Minotaur Berserker)         Turns: 31408, Time: 02:36:29

Health: -15/238    AC: 28    Str: 33    XL:     17   Next: 47%
Magic:  16/16      EV: 13    Int:  5    God:    Trog [*****.]
Gold:   1218       SH:  5    Dex: 22    Spells: 16/16 levels left

rFire   . . .      SeeInvis +    a - +2 broad axe (heavy)
rCold   . . .      Faith    .    (no shield)
rNeg    . . .      Spirit   .    p - +11 chain mail of the Orcish Mines {Will+}
rPois   +          Reflect  +    d - +0 hat "Wail" {Regen+ SInv}
rElec   +          Rampage  .    i - +0 cloak {Will+}
rCorr   .                        Q - +2 pair of gloves of Cuuff {rElec rPois Int-2 Dex+7}
Will    +++++                    T - +2 pair of boots {Fly} Stlth
                                 K - amulet of reflection
HPRegen 2.39/turn                n - +6 ring of strength
MPRegen 0.15/turn                M - ring "Ycygetac" {Int+3 Dex+2 Slay+4 Stlth+}

@: berserking, lethally poisoned (-15 -> -15), strong-willed, corroded, flying,
regenerating, very quick
A: horns 2, retaliatory headbutt
a: Renounce Religion, Berserk, Trog's Hand, Brothers in Arms


You were on level 3 of the Elven Halls.
You worshipped Trog.
Trog was extremely pleased with you.
You visited 4 branches of the dungeon, and saw 25 of its levels.
You also visited: Ice Cave.

You collected 3348 gold pieces.
You spent 2130 gold pieces at shops.

Inventory:

Hand Weapons
 a - a +2 heavy broad axe (weapon)
   (You found it on level 5 of the Lair of Beasts)
 b - a +5 triple crossbow of draining
   (You acquired it on level 4 of the Lair of Beasts)
 u - a +3 battleaxe of electrocution
   (You took it off a wight on level 7 of the Dungeon)
 L - a +3 executioner's axe of flaming
   (Trog gifted it to you on level 15 of the Dungeon)
 O - a +1 eveningstar of freezing
   (You found it in an ice cave)
Missiles
 k - 17 boomerangs (quivered)
 o - 2 silver boomerangs
 s - 5 silver javelins
 E - 37 poisoned darts
 J - a curare-tipped dart
Armour
 d - the +0 hat "Wail" (worn) {Regen+ SInv}
   (You bought it in a shop on level 10 of the Dungeon)

   SInv:      It lets you see invisible.
   Regen:     It increases your rate of health regeneration.
 i - a +0 cloak of willpower (worn)
   (You took it off Nikola on level 3 of the Elven Halls)
 p - the +11 chain mail of the Orcish Mines (worn) {Will+}
   (You found it on level 5 of the Dungeon)

   Will:      It increases your willpower.
 G - a +1 cloak
   (You took it off Maurice on level 10 of the Dungeon)
 Q - the +2 pair of gloves of Cuuff (worn) {rElec rPois Int-2 Dex+7}
   (You acquired it on level 4 of the Lair of Beasts)

   Int:       It affects your intelligence (-2).
   Dex:       It affects your dexterity (+7).
   rElec:     It insulates you from electricity.
   rPois:     It protects you from poison.
 T - a +2 pair of boots of flying (worn)
   (You bought it in a shop on level 7 of the Dungeon)
 Z - the +4 skin of Zhor {*Englaciate rC+++ SInv}
   (You found it on level 4 of the Lair of Beasts)

   *Englaciate: It radiates cold, occasionally slowing all nearby creatures who
   are not resistant to cold.
   rC:        It renders you almost immune to cold.
   SInv:      It lets you see invisible.
Jewellery
 n - a +6 ring of strength (left hand)
   (You found it on level 2 of the Dungeon)
 v - a ring of flight
   (You found it on level 11 of the Dungeon)
 C - a ring of ice
   (You took it off a reaper in an ice cave)
 F - the ring of the Suburbs {Fire Slay+3}
   (You found it on level 10 of the Dungeon)

   [ring of fire]

   It enhances your fire magic.
   Slay:      It affects your accuracy & damage with ranged weapons and melee
   (+3).
   rF:        It protects you from fire.
   rC:        It makes you vulnerable to cold.
 K - an amulet of reflection (around neck)
   (You found it on level 3 of the Lair of Beasts)
 M - the ring "Ycygetac" (right hand) {Int+3 Dex+2 Slay+4 Stlth+}
   (You bought it in a shop on level 2 of the Orcish Mines)

   [ring of slaying]

   Int:       It affects your intelligence (+3).
   Dex:       It affects your dexterity (+2).
   Slay:      It affects your accuracy & damage with ranged weapons and melee
   (+4).
   Stlth:     It makes you more stealthy.
 P - the ring of Equilibrium {Fly rPois Dex+4}
   (You took it off a deep elf knight on level 3 of the Elven Halls)

   [ring of flight]

   Dex:       It affects your dexterity (+4).
   rPois:     It protects you from poison.
   Fly:       It grants you flight.
 U - an amulet of the acrobat
   (You found it on level 3 of the Lair of Beasts)
Wands
 c - a wand of polymorph (5)
   (You found it on level 4 of the Lair of Beasts)
 f - a wand of flame (10)
   (You found it on level 9 of the Dungeon)
 l - a wand of roots (21)
   (You took it off Eustachio on level 6 of the Dungeon)
 A - a wand of mindburst (15)
   (You took it off Amaemon on level 9 of the Dungeon)
 B - a wand of charming (13)
   (You found it on level 6 of the Dungeon)
 D - a wand of digging (19)
   (You took it off Maurice on level 10 of the Dungeon)
 I - a wand of light (6)
   (You found it on level 8 of the Dungeon)
Scrolls
 g - 7 scrolls of enchant armour
 m - 4 scrolls of blinking
 t - 2 scrolls of teleportation {@r4}
 w - 5 scrolls of poison {!r}
 x - 2 scrolls of magic mapping
 y - 3 scrolls of immolation {!r}
 R - 4 scrolls of fog
 S - a scroll of fear
 Y - 2 scrolls of silence
Potions
 e - 2 potions of invisibility
 h - 8 potions of lignification {!q}
 j - 5 potions of haste {@q3}
 q - 4 potions of attraction {!q}
 r - 4 potions of heal wounds {@q2}
 z - 3 potions of cancellation
 H - 3 potions of mutation {!q}
 N - 15 potions of curing {@q1}
 V - 4 potions of might
 W - 2 potions of flight
 X - 6 potions of resistance


   Skills:
 + Level 16.5 Fighting
 + Level 18.6 Axes
 * Level 21.1 Ranged Weapons
 + Level 13.2 Armour
 + Level 5.0 Dodging
 + Level 9.4 Stealth
 + Level 9.2 Evocations


You had 16 spell levels left.
You didn't know any spells.
Your spell library was empty.

Dungeon Overview and Level Annotations

Branches:
Dungeon (15/15)            Temple (0/1) D:4            Lair (5/5) D:11
  Swamp (0/4) Lair:2        Snake (0/4) Lair:3        Slime (0/5) Lair:5
    Orc (2/2) D:11            Elf (3/3) Orc:2        Vaults (0/5) D:14
 Depths (0/4) D:15          IceCv (visited)

Altars:
Fedhas
Makhleb
Nemelex Xobeh
Okawaru
Uskayaw
Wu Jian
Xom
Yredelemnul

Shops:
D:1 (   D:3 [   D:7 [   D:9 :   D:10 [   Orc:2 [=!?=   Elf:3 =::

Annotations:
Elf:2 3 runed translucent doors


Innate Abilities, Weirdness & Mutations

You have a pair of horns on your head.
You reflexively headbutt those who attack you in melee.


Message History

You slash the rust devil!
You feel sick.
The +2 trident of pain hits you but does no damage.
The deep elf demonologist gestures wildly while chanting.
The orange demon stings you from afar!
* * * LOW HITPOINT WARNING * * *
The rust devil barely misses you. You furiously retaliate!
You headbutt the rust devil!
The orange demon stings you but does no damage.
Your skin crawls.
You feel strong-willed.
You feel sick.
The +2 trident of pain hits you but does no damage.
The deep elf demonologist casts a spell.
The +2 trident of pain hits you but does no damage.
The orange demon stings you but does no damage.
You block the rust devil's attack. The orange demon closely misses you.
You hit the deep elf demonologist.
The deep elf demonologist blocks your attack.
You slash the Executioner! You completely miss the Ice Fiend.
You closely miss the rust devil.
You feel sick. You block the Executioner's attack. The Executioner misses you.
The Executioner hits you but does no damage.
The +2 trident of pain completely misses you.
The deep elf demonologist hits you but does no damage.
The rust devil hits you. The rust devil corrodes you!
The Executioner hits you but does no damage. x3
The orange demon stings you but does no damage. x2
The Ice Fiend claws you.
* * * LOW HITPOINT WARNING * * *
The Ice Fiend freezes you!!
* * * LOW HITPOINT WARNING * * *
The Ice Fiend claws you but does no damage.
A red film seems to cover your vision as you go berserk!
You feel yourself moving faster!
You feel mighty!
You feel sick.
The +2 trident of pain hits you from afar.
* * * LOW HITPOINT WARNING * * *
The Executioner hits you but does no damage. x2
The Executioner barely misses you.
The deep elf demonologist hits you but does no damage.
You block the +2 trident of pain's attack.
The rust devil closely misses you. The Executioner hits you!!
* * * LOW HITPOINT WARNING * * *
The Executioner closely misses you.
The Executioner hits you but does no damage.
The orange demon barely misses you.
The orange demon stings you but does no damage.
The Ice Fiend claws you!
* * * LOW HITPOINT WARNING * * *
The Ice Fiend freezes you!!!
You die...

#....## #......)# ##.....## ##
..(..# ####...## #.....## #
...### ##.## #......# # ##.# #.#
#......# # #.# #.# #...(..# # #.#
##'## ######)# # ##.# ##..(## #.#
# ...## ##...41## ####.# # .##.##
##.....e@### ##.##.# #
.#...####.....414..##.°..#.######
.)).....'.........'..)°.......)..
=#...####..........#.....#.######
.##.## ##.......######.##.# #
)#### ##.....#### ####.# # )#
##...#...###* #.# # )##
##...###...* #.# # ..# #..##
*#..* #.# #


You could see an Ice Fiend (summoned), an Executioner (summoned), a deep elf
demonologist (reflecting), 2 orange demons, a rust devil (summoned) and a +2
trident of pain.

Vanquished Creatures
  Nikola (Elf:3)
  2 deep elf blademasters (Elf:3)
  Frances (D:12)
  4 deep elf sorcerers
  The ghost of Gennavuch the Severer, a journeyman MiBe of Trog (Lair:5)
  An orc warlord (Orc:1)
  A reaper (IceCv)
  6 deep elf elementalists (Elf:3)
  A dire elephant (D:15)
  4 deep elf annihilators
  3 deep elf death magi (Elf:3)
  A fire dragon (Lair:5)
  An ice dragon (D:12)
  2 catoblepae
  3 centaur warriors
  8 hydras
  5 ogre magi
  2 vault guards (D:14)
  19 two-headed ogres
  A death knight (D:13)
  7 death yaks
  3 boulder beetles
  10 dancing weapons
  The ghost of BlueFish the Covert, a novice OpFi of Cheibriados (D:10)
  An orc high priest (Elf:2)
  15 deep elf knights
  Amaemon (D:9)
  5 skeletal warriors (D:15)
  2 skysharks
  2 bog bodies (Lair:2)
  10 deep elf archers
  A lindwurm (Lair:5)
  2 wizards (D:14)
  An orange crystal statue (D:12)
  6 orc knights
  6 ugly things
  43 deep elf zephyrmancers
  20 deep elf pyromancers
  Pikel (D:6)
  3 manticores (D:15)
  An orc sorcerer (Orc:2)
  2 oklob plants
  2 moths of wrath (Lair:5)
  A salamander (D:15)
  10 elephants
  3 cyclopes
  2 ice statues (IceCv)
  Maurice (D:10)
  A torpor snail (Lair:4)
  An orange demon (D:9)
  9 black mambas
  2 molten gargoyles (Lair:5)
  3 gargoyles
  13 cane toads
  An unseen horror (D:12)
  2 kobold demonologists
  A yaktaur (D:14)
  An efreet (D:15)
  22 komodo dragons
  7 ice devils (IceCv)
  10 trolls
  3 polar bears
  A hornet (D:10)
  5 blink frogs (Lair:1)
  6 slime creatures (D:13)
  3 water elementals
  4 air elementals
  2 vampires (D:12)
  A wraith (D:12)
  Sigmund (D:5)
  3 centaur simulacra
  46 yaks
  A shadow (D:11)
  The ghost of turdburglar the Covered, an amateur MiFi (D:3)
  10 wyverns
  3 fire bats (Lair:5)
  An unseen horror simulacrum (D:10)
  2 steam dragons
  11 basilisks
  3 fire elementals
  15 vampire mosquitoes
  Eustachio (D:6)
  2 death yak simulacra (IceCv)
  4 wargs
  Menkaure (D:4)
  A two-headed ogre zombie (D:11)
  A harpy simulacrum (IceCv)
  6 nagas (Lair:3)
  Edmund (D:6)
  A hydra simulacrum (IceCv)
  22 water moccasins
  4 hell hounds (Lair:5)
  21 orc warriors
  7 ice beasts
  A sky beast (D:5)
  2 black bears
  18 wolves
  12 centaurs
  26 ogres
  4 lemures
  3 phantoms
  3 kobold brigands
  14 bullfrogs
  A gnoll sergeant (D:9)
  2 cane toad simulacra (Lair:1)
  6 earth elementals
  6 scorpions
  8 wights
  Dowan (D:5)
  4 troll zombies (D:11)
  12 killer bees
  3 elephant simulacra (IceCv)
  4 howler monkeys
  An electric eel (D:10)
  5 lava snakes (Lair:5)
  3 quasits (D:3)
  2 hounds
  8 jellies
  10 orc priests
  A gnoll bouda (D:9)
  3 sleepcaps
  3 iguanas (D:5)
  21 orc wizards
  4 hell rats (Lair:2)
  A polar bear simulacrum (IceCv)
  A spriggan simulacrum (IceCv)
  A troll simulacrum (IceCv)
  2 wolf simulacra (IceCv)
  3 ogre zombies (D:11)
  6 adders
  10 gnolls
  4 naga simulacra (IceCv)
  A shadow imp (D:8)
  9 white imps
  2 ufetubi
  A worm (D:3)
  3 dart slugs
  62 orcs
  6 bats
  19 endoplasms
  3 giant cockroaches
  5 goblins
  8 hobgoblins
  4 jackals (D:3)
  3 quokkas
  7 ball pythons
  2 frilled lizards
  A goblin skeleton (D:11)
  2 goblin zombies (D:11)
  4 hobgoblin skeletons (D:11)
  2 hobgoblin zombies (D:11)
  21 kobolds
  An orc skeleton (D:11)
  15 orc zombies (D:11)
  4 rats
900 creatures vanquished.

Vanquished Creatures (collateral kills)
  A dancing weapon (Elf:2)
  A deep elf archer (Elf:2)
  3 deep elf zephyrmancers (Elf:2)
  An orc sorcerer (Elf:2)
  An orc warrior (Elf:2)
  An orc wizard (Elf:2)
  An orc (D:11)
9 creatures vanquished.

Vanquished Creatures (others)
  A deep elf demonologist (Elf:3)
  A deep elf high priest (Elf:3)
  Duvessa (D:5)
  An ogre (Orc:2)
  18 fungi
  40 plants
62 creatures vanquished.

Grand Total: 971 creatures vanquished

Notes
Turn   | Place    | Note
-------+----------+-------------------------------------------
     0 | D:1      | Pooter the Minotaur Berserker began the quest for the Orb.
     0 | D:1      | Reached XP level 1. HP: 19/19 MP: 0/0
   148 | D:1      | Found Kisi's Weapon Boutique.
   185 | D:1      | Reached XP level 2. HP: 27/27 MP: 1/1
  1005 | D:2      | Reached XP level 3. HP: 31/33 MP: 2/2
  1218 | D:2      | Reached ** piety under Trog
  1738 | D:3      | Reached skill level 5 in Axes
  1747 | D:3      | Reached XP level 4. HP: 39/41 MP: 3/3
  1811 | D:3      | Noticed turdburglar's ghost (amateur MiFi)
  1811 | D:3      | Found Taomack's Armour Boutique.
  1862 | D:3      | Found a transporter.
  1886 | D:3      | Found a transporter.
  1951 | D:3      | Found a faded altar of an unknown god.
  2171 | D:3      | Reached XP level 5. HP: 38/47 MP: 4/4
  2496 | D:4      | Noticed Menkaure
  2496 | D:4      | Noticed a water moccasin
  2504 | D:4      | Killed a water moccasin
  2505 | D:4      | Reached skill level 5 in Fighting
  2505 | D:4      | Killed Menkaure
  2506 | D:4      | Reached XP level 6. HP: 57/57 MP: 5/5
  2939 | D:4      | Found a staircase to the Ecumenical Temple.
  3388 | D:5      | Entered Level 5 of the Dungeon
  3431 | D:5      | Reached skill level 1 in Ranged Weapons
  3431 | D:5      | Reached XP level 7. HP: 53/63 MP: 6/6
  3608 | D:5      | Identified the +11 chain mail of the Orcish Mines {Will+}
  3824 | D:5      | Reached skill level 2 in Ranged Weapons
  3833 | D:5      | Noticed Sigmund
  3837 | D:5      | Killed Sigmund
  3948 | D:5      | Noticed Duvessa
  3953 | D:5      | Noticed Dowan
  3960 | D:5      | Killed Duvessa
  3965 | D:5      | Killed Dowan
  3966 | D:5      | Reached skill level 3 in Ranged Weapons
  3966 | D:5      | Reached XP level 8. HP: 73/73 MP: 7/7
  4300 | D:6      | Reached skill level 10 in Axes
  4320 | D:6      | Noticed Eustachio
  4332 | D:6      | Reached skill level 4 in Ranged Weapons
  4595 | D:6      | Killed Eustachio
  4595 | D:6      | Noticed Edmund
  4608 | D:6      | Killed Edmund
  4609 | D:6      | Reached skill level 5 in Ranged Weapons
  4609 | D:6      | Reached XP level 9. HP: 81/81 MP: 8/8
  4640 | D:6      | Noticed Pikel
  4648 | D:6      | Killed Pikel
  5036 | D:6      | Reached *** piety under Trog
  5080 | D:7      | Reached skill level 6 in Ranged Weapons
  5201 | D:7      | Found Nugriaju's Antique Armour Boutique.
  5207 | D:7      | Bought a pair of embroidered boots for 195 gold pieces
  5540 | D:7      | Found a hide-covered altar of Uskayaw.
  5555 | D:7      | Found a sparkling altar of Nemelex Xobeh.
  5605 | D:8      | Noticed a deep elf pyromancer
  5616 | D:7      | Killed a deep elf pyromancer
  5699 | D:7      | Reached skill level 7 in Ranged Weapons
  5699 | D:7      | Reached XP level 10. HP: 91/91 MP: 9/9
  6369 | D:8      | Found an ornate altar of the Wu Jian Council.
  6543 | D:9      | Found Adoicog's Book Boutique.
  6568 | D:9      | Reached skill level 10 in Fighting
  6705 | D:9      | Reached skill level 8 in Ranged Weapons
  6747 | D:9      | Noticed an orange demon
  6747 | D:9      | Noticed Amaemon
  6854 | D:9      | Killed Amaemon
  6854 | D:9      | Killed an orange demon
  6855 | D:9      | Reached skill level 9 in Ranged Weapons
  7102 | D:9      | Reached XP level 11. HP: 73/101 MP: 10/10
  7403 | D:9      | Found a shimmering altar of Xom.
  7404 | D:9      | Found a blossoming altar of Fedhas.
  7408 | D:9      | Found a burning altar of Makhleb.
  7418 | D:9      | Found an iron altar of Okawaru.
  7422 | D:9      | Found a basalt altar of Yredelemnul.
  7451 | D:9      | Reached **** piety under Trog
  7760 | D:10     | Entered Level 10 of the Dungeon
  7769 | D:10     | Found a runed translucent gate.
  7769 | D:10     | Found a runed translucent gate.
  7769 | D:10     | Found a runed translucent gate.
  7860 | D:10     | Noticed BlueFish's ghost (novice OpFi)
  7984 | D:10     | Found Mala's Armour Shoppe.
  7992 | D:10     | Bought the +0 hat "Wail" {Regen+ SInv} for 243 gold pieces
  8050 | D:10     | Reached skill level 10 in Ranged Weapons
  8062 | D:10     | Noticed a two-headed ogre
  8074 | D:10     | Killed a two-headed ogre
  8075 | D:10     | Reached skill level 15 in Axes
  8330 | D:10     | Noticed Maurice
  8337 | D:10     | Killed Maurice
  8342 | D:10     | Noticed a sixfirhy
  8442 | D:10     | Noticed a two-headed ogre
  8448 | D:10     | Killed a two-headed ogre
  9204 | D:11     | Found a staircase to the Orcish Mines.
  9220 | D:11     | Reached skill level 11 in Ranged Weapons
  9282 | D:11     | Found a staircase to the Lair.
  9291 | D:11     | Reached skill level 5 in Armour
  9292 | D:11     | Reached ***** piety under Trog
  9294 | D:11     | Noticed a purple ugly thing
  9301 | D:11     | Killed a purple ugly thing
  9302 | D:11     | Reached XP level 12. HP: 111/111 MP: 11/11
  9417 | D:11     | Noticed a two-headed ogre
  9424 | D:11     | Killed a two-headed ogre
  9425 | D:11     | Reached skill level 1 in Stealth
  9677 | Lair:1   | Entered Level 1 of the Lair of Beasts
  9695 | Lair:1   | Reached skill level 1 in Evocations
  9864 | Lair:1   | Found a frozen archway.
  9921 | IceCv    | Entered an ice cave
 10271 | IceCv    | Reached skill level 12 in Ranged Weapons
 11471 | IceCv    | Noticed a reaper
 11486 | IceCv    | Killed a reaper
 12015 | Lair:1   | Reached skill level 13 in Ranged Weapons
 12454 | Lair:2   | Received a gift from Trog
 12460 | Lair:2   | Reached XP level 13. HP: 115/119 MP: 12/12
 12469 | Lair:2   | You are sucked into a shaft and drop 2 floors!
 13067 | Lair:2   | Found a staircase to the Swamp.
 13418 | Lair:3   | Found a staircase to the Snake Pit.
 13471 | Lair:3   | Reached skill level 14 in Ranged Weapons
 13573 | Lair:3   | Reached skill level 5 in Stealth
 14662 | Lair:3   | Reached skill level 5 in Evocations
 14939 | Lair:4   | Found the +4 skin of Zhor {*Englaciate rC+++ SInv}
 14989 | Lair:4   | Reached XP level 14. HP: 130/130 MP: 13/13
 15469 | Lair:3   | Reached skill level 15 in Ranged Weapons
 15605 | Lair:4   | Identified 3 scrolls of acquirement
 15605 | Lair:4   | Acquired a +5 triple crossbow of draining
 15614 | Lair:4   | Acquired the +2 pair of gloves of Cuuff {rElec rPois Int-2
                  | Dex+7}
 15620 | Lair:4   | Acquired a manual of Ranged Weapons
 15828 | Lair:5   | Entered Level 5 of the Lair of Beasts
 15904 | Lair:5   | Received a gift from Trog
 16034 | Lair:5   | Found a large runed translucent door.
 16034 | Lair:5   | Found a large runed translucent door.
 16313 | Lair:5   | Found a staircase to the Slime Pits.
 16330 | Lair:5   | Found a transporter.
 16355 | Lair:5   | Noticed Gennavuch's ghost (journeyman MiBe)
 16418 | Lair:5   | Reached skill level 16 in Ranged Weapons
 16422 | Lair:5   | Reached skill level 10 in Armour
 16515 | Lair:5   | Noticed Urug
 16516 | Lair:5   | Urug changed into Urug the cane toad
 16516 | Lair:5   | Noticed Urug
 16517 | Lair:5   | Killed Urug the cane toad
 16733 | Lair:5   | Found a transporter.
 17050 | Orc:1    | Entered Level 1 of the Orcish Mines
 17107 | Orc:1    | Noticed an orc warlord
 17117 | Orc:1    | Killed an orc warlord
 17845 | Orc:2    | Entered Level 2 of the Orcish Mines
 18754 | Orc:2    | Found a staircase to the Elven Halls.
 19079 | Orc:2    | Found Sena's Jewellery Shoppe.
 19087 | Orc:2    | Bought the ring "Ycygetac" {Int+3 Dex+2 Slay+4 Stlth+} for
                  | 1376 gold pieces
 19116 | Orc:2    | Received a gift from Trog
 19120 | Orc:2    | Reached skill level 17 in Ranged Weapons
 19128 | Orc:2    | Reached XP level 15. HP: 105/139 MP: 14/14
 19150 | Orc:2    | Found Ehulaor's Distillery.
 19151 | Orc:2    | Found Rewoelih's Magic Scroll Boutique.
 19151 | Orc:2    | Found Fuduon's Jewellery Shoppe.
 19151 | Orc:2    | Found Soak's Antique Armour Shop.
 19158 | Orc:2    | Bought a scroll of identify for 30 gold pieces
 19160 | Orc:2    | Bought a potion of might for 52 gold pieces
 19588 | Orc:2    | Bought a potion of resistance for 130 gold pieces
 19588 | Orc:2    | Bought a potion of mutation for 104 gold pieces
 19743 | D:12     | Noticed Frances
 19954 | D:12     | Killed Frances
 21548 | D:13     | Reached skill level 15 in Fighting
 21727 | D:13     | Reached skill level 18 in Ranged Weapons
 21752 | D:13     | Identified the +7 sling of the Shining Light {antimagic,
                  | rN+ SInv}
 24100 | D:14     | Found a gate to the Vaults.
 24518 | D:15     | Entered Level 15 of the Dungeon
 24608 | D:15     | Received a gift from Trog
 24916 | D:15     | Found a staircase to the Depths.
 24928 | D:15     | Reached skill level 19 in Ranged Weapons
 25342 | D:3      | Killed turdburglar's ghost
 25518 | D:10     | Killed BlueFish's ghost
 25519 | D:10     | Reached XP level 16. HP: 147/149 MP: 15/15
 25548 | D:10     | Identified the ring of the Suburbs {Fire Slay+3}
 25739 | Lair:5   | Killed Gennavuch's ghost
 25769 | Lair:5   | Identified the +1 helmet "Cykoiff" {Drain Will+ Dex+5}
 25962 | Elf:1    | Entered Level 1 of the Elven Halls
 26343 | Elf:1    | Received a gift from Trog
 27668 | Elf:1    | Reached skill level 20 in Ranged Weapons
 27672 | Elf:1    | Received a gift from Trog
 27860 | Elf:1    | Paralysed by an air elemental for 1 turns
 28596 | Elf:2    | Paralysed by an air elemental for 1 turns
 28734 | Elf:2    | Found a runed translucent gate.
 28735 | Elf:2    | Found a runed translucent gate.
 28735 | Elf:2    | Found a runed translucent gate.
 28824 | Elf:3    | Entered Level 3 of the Elven Halls
 29717 | Elf:3    | Reached XP level 17. HP: 158/158 MP: 16/16
 29732 | Elf:3    | Found Tiqioc's Jewellery Shop.
 29733 | Elf:3    | Found Ypnasha's Book Emporium.
 29733 | Elf:3    | Found Ohebus Ykla's Book Emporium.
 29811 | Elf:3    | Received a gift from Trog
 29969 | Elf:3    | Noticed Nikola
 30069 | Elf:3    | Identified the ring of Equilibrium {Fly rPois Dex+4}
 30072 | Elf:3    | Identified the +1 long sword of Deyvutuo {vamp, Int+4
                  | Dex+6}
 30072 | Elf:3    | Identified the ring "Jeum" {Fire Int+2}
 30078 | Elf:3    | Identified the +7 broad axe of Angobep {flame, rF+ Str+3
                  | Int+2}
 30102 | Elf:3    | Killed Nikola
 30108 | Elf:3    | Reached skill level 21 in Ranged Weapons
 30199 | Elf:3    | Noticed a deep elf blademaster
 30370 | Elf:3    | Identified the +5 long sword of Risk Management {elec,
                  | rElec}
 30802 | Elf:3    | Identified the +0 scale mail of the Evening {rC+ Stlth+}
 30802 | Elf:3    | Noticed a deep elf blademaster
 30803 | Elf:3    | Killed a deep elf blademaster
 30808 | Elf:3    | Killed a deep elf blademaster
 31366 | Elf:3    | Reached skill level 5 in Dodging
 31407 | Elf:3    | Noticed an Ice Fiend
 31408 | Elf:3    | Demolished by an Ice Fiend

Illustrated notes

Levels and vault maps discovered:
D:1:      evilmike_arrival_crescent, layout_loops_ring, serial_shops, shop
D:2:      layout_basic
D:3:      layout_loops_ring, serial_shops, nicolae_shop_stone,
          gammafunk_ghost_stat_death, shapermc_ecumenical_altar_venn
D:4:      layout_loops_ring, minmay_temple_entry_junction,
          chequers_hall_statues_y, minmay_quantized, uniq_menkaure
D:5:      layout_rooms, uniq_duvessa, uniq_sigmund
D:6:      layout_rooms, uniq_pikel, uniq_eustachio, uniq_edmund
D:7:      layout_rooms, minitemple, serial_shops, shop
D:8:      layout_rooms, nzn_wu_jian_council_hall, grunt_ministairs_15
D:9:      layout_rooms, grunt_temple_overflow_open, serial_shops,
          nicolae_square_shop, minmay_starry_boxes, uniq_amaemon
D:10:     layout_grid_maze, gammafunk_ghost_icy, serial_shops,
          nicolae_shop_crystal, minmay_liquid_box, serial_bayou_pond_b,
          uniq_maurice
D:11:     layout_roguey, minmay_lair_entry_grove, zombieorc2_lemuel,
          minmay_holes
D:12:     minmay_s_stair_smasher, layout_layer_cave, minmay_statue_bubble,
          uniq_frances
D:13:     layout_basic, hangedman_cracks_in_the_wall
D:14:     layout_long_grid, grunt_vaults_entry_fortified, serial_park_square1
          [serial_park_minivault_5x5_5]
D:15:     hangedman_depths_entry_try_elsewhere_first, layout_rooms,
          serial_bayou_ford_a
Lair:1:   layout_regular_city, portal_ice_cave_entry_ice_simulacra,
          nicolae_quartered_pool_impasse, serial_bayou_shore_b
Lair:2:   layout_hall_layers, skrybe_swamp_entry_bodies,
          infiniplex_staircase_pool_2
Lair:3:   lemuel_slime, layout_cave_pods, minmay_snake_entry_guardpost_medium,
          beast_lair_carwin_3
Lair:4:   layout_small_grid, grunt_megastairs_2
Lair:5:   cheibrodos_lair_end_hotspot, layout_regular_city,
          dpeg_slime_entry_corner, gammafunk_ghost_berserking_beasts,
          nicolae_volcano_entry_batcave, uniq_urug
Orc:1:    layout_caves
Orc:2:    st_orc_ogre_mass, layout_caves, serial_shops, shop
Elf:1:    elf_arrival_001, layout_geoelf_diagonals, minmay_elf_sorcery,
          roderic_lattice_octagonal_star
Elf:2:    nicolae_elf_blades_crystal_corner, layout_geoelf_octagon
Elf:3:    grunt_elf_hall_asides, layout_loops_corners, minmay_shop_grove,
          uniq_nikola

Skill      XL: |  1  2  3  4  5  6  7  8  9 10 11 12 13 14 15 16 17 |
---------------+----------------------------------------------------+-----
Axes           | 4 5 7 8 9 11 12 14 15 16 17 18 | 18.6
Fighting       | 4 5 6 7 8 9 10 11 12 13 14 15 16 | 16.5
Ranged Weapons | 1 3 5 7 9 11 13 14 17 19 20 21 | 21.1
Armour         | 5 7 9 10 11 12 13 | 13.2
Stealth        | 3 5 7 8 9 |  9.4
Evocations     | 3 5 6 7 8 9 |  9.2
Dodging        | 3 5 |  5.0

Action                     |  1- 3 |  4- 6 |  7- 9 | 10-12 | 13-15 | 16-18 || total
---------------------------+-------+-------+-------+-------+-------+-------++-------
  Melee: Hand axe          |    11 |       |       |       |       |       ||    11
         War axe           |    50 |    53 |   142 |   305 |   243 |       ||   793
         Headbutt          |     2 |     6 |    20 |    48 |   101 |    32 ||   209
         Punch             |       |       |       |     4 |     8 |     1 ||    13
         Eveningstar       |       |       |       |       |    21 |       ||    21
         Broad axe         |       |       |       |       |   214 |   113 ||   327
         Morningstar       |       |       |       |       |     3 |       ||     3
         Executioner's axe |       |       |       |       |     5 |     4 ||     9
   Fire: Sling             |       |    16 |    50 |       |       |       ||    66
         Shortbow          |       |       |     5 |    33 |       |       ||    38
         Arbalest          |       |       |       |   160 |   112 |       ||   272
         Triple crossbow   |       |       |       |       |   248 |   280 ||   528
  Throw: Boomerang         |       |     1 |     3 |     7 |    14 |     1 ||    26
         Throwing net      |       |     1 |       |       |       |       ||     1
         Stone             |       |       |     2 |     1 |       |       ||     3
         Javelin           |       |       |       |       |       |     1 ||     1
 Invoke: Berserk           |       |     1 |     7 |     5 |     5 |     3 ||    21
         Trog's Hand       |       |       |     3 |    18 |    18 |    12 ||    51
         Brothers in Arms  |       |       |       |       |     1 |     3 ||     4
  Evoke: Wand              |       |       |       |     8 |     4 |     6 ||    18
    Use: Scroll            |       |     6 |     4 |    13 |    16 |     6 ||    45
         Potion            |       |       |       |     1 |     1 |     3 ||     5
   Stab: Sleeping          |     4 |       |       |       |       |     1 ||     5
         Distracted        |       |       |       |       |       |     1 ||     1
         Invisible         |       |       |       |       |       |     2 ||     2
 Armour: Animal skin       |    14 |       |       |       |       |       ||    14
         Ring mail         |       |    15 |     7 |       |       |       ||    22
         Chain mail        |       |       |   160 |   283 |   465 |   135 ||  1043
  Dodge: Dodged            |    53 |    40 |    90 |   221 |   346 |   107 ||   857
  Block: Kite shield       |       |     7 |    68 |       |       |       ||    75
         Other             |       |       |       |       |    47 |    45 ||    92
         Reflection        |       |       |       |       |    10 |    13 ||    23

Table legend: (Time is in decaauts)
 A = Elapsed time spent in this place.
 B = Non-inter-level travel time spent in this place.
 C = Inter-level travel time spent in this place.
 D = Time resting spent in this place.
 E = Time spent auto-exploring this place.
 F = Levels seen in this place.
 G = Mean time per level.
                   A        B        C        D        E       F      G
               +--------+--------+--------+--------+--------+-----+--------+
         Total |  32197 |  30653 |   1544 |  10381 |  14319 |  26 | 1238.3 |
       Dungeon |  16198 |  15237 |    961 |   3732 |   8687 |  15 | 1079.9 |
          Lair |   5790 |   5392 |    398 |    738 |   3444 |   5 | 1158.0 |
  Orcish Mines |   2684 |   2580 |    104 |   1386 |    667 |   2 | 1342.0 |
   Elven Halls |   5567 |   5487 |     80 |   2935 |   1389 |   3 | 1855.7 |
      Ice Cave |   1956 |   1956 |      0 |   1588 |    132 |   1 | 1956.0 |
               +--------+--------+--------+--------+--------+-----+--------+

Top non-repeatable levels by time:
   Elf:3: 2628 daAuts
   Elf:1: 2229 daAuts
    D:14: 2067 daAuts
   IceCv: 1956 daAuts
    D:13: 1661 daAuts
  Lair:3: 1645 daAuts
   Orc:2: 1507 daAuts
     D:9: 1381 daAuts
  Lair:5: 1276 daAuts
    D:10: 1270 daAuts
     D:5: 1222 daAuts
    D:11: 1197 daAuts
   Orc:1: 1176 daAuts
  Lair:4: 1102 daAuts
    D:12: 1059 daAuts
